 Dungeon Crawl Stone Soup version 0.27-a0-1084-g78b3836a5f (webtiles) character file.

Game seed: 1146467412467144116

5664 porpoise the Covert (level 10, -24/102 HPs)
             Began as an Octopode Earth Elementalist on Apr 26, 2021.
             Was an Elder of Vehumet.
             Annihilated by an ettin skeleton (25 damage)
             ... on level 2 of the Abyss on Apr 27, 2021.
             The game lasted 00:56:16 (11740 turns).

porpoise the Covert (Octopode Earth Elementalist)  Turns: 11740, Time: 00:56:17

Health: -24/102    AC:  1    Str: 14    XL:     10   Next: 75%
Magic:  14/18      EV: 14    Int: 27    God:    Vehumet [****..]
Gold:   511        SH:  0    Dex: 12    Spells: 5/20 levels left

rFire    . . .     SeeInvis .   a - +2 dagger (venom)
rCold    . . .     Faith    .   (no shield)
rNeg     . . .     Spirit   .   (helmet restricted)
rPois    .         Reflect  .   (no amulet)
rElec    .         Harm     .   n - ring of resist corrosion
rCorr    +         Rampage  .   k - +6 ring of strength
Will     .....                  m - ring of wizardry
Stlth    ..........             A - +6 ring of intelligence
HPRegen  0.27/turn              (no ring)
MPRegen  0.16/turn              (no ring)
                                (no ring)
                                (no ring)

@: berserking (expiring), very quick
A: almost no armour, amphibious, 8 rings, camouflage 1, gelatinous body 1,
(nimble swimmer 1), tentacles
a: Renounce Religion


You were on level 2 of the Abyss.
You worshipped Vehumet.
Vehumet was greatly pleased with you.
You visited 1 branch of the dungeon, and saw 9 of its levels.
You visited the Abyss 1 time.
You also visited: Sewer.

You collected 511 gold pieces.

Inventory:

Hand Weapons
 a - a +2 dagger of venom (weapon)
 b - a +1 hunting sling
 w - a +0 rapier
Missiles
 c - 112 stones
 g - 3 curare-tipped darts
 i - 57 poisoned darts (quivered)
 o - 25 boomerangs
 x - 50 sling bullets
 E - 63 bolts
Jewellery
 k - a +6 ring of strength (right tentacle)
 m - a ring of wizardry (on tentacle)
 n - a ring of resist corrosion (left tentacle)
 A - a +6 ring of intelligence (on tentacle)
Wands
 l - a wand of digging (5)
 y - a wand of mindburst (14)
 C - a wand of flame (34)
Scrolls
 d - a scroll of silence
 e - 4 scrolls of teleportation
 f - a scroll of summoning {unknown}
 h - a scroll of fear {unknown}
 q - a scroll of immolation {unknown}
 v - a scroll of torment
 B - a scroll of vulnerability
 D - a scroll of fog
 G - a scroll of noise {unknown}
 H - a scroll of enchant weapon
 I - 2 scrolls of amnesia
Potions
 j - a potion of magic
 p - a potion of flight
 r - 3 potions of resistance
 s - 2 potions of mutation
 t - 4 potions of curing
 u - 2 potions of heal wounds
 z - a potion of lignification
 F - a potion of might
 J - a potion of invisibility


   Skills:
 + Level 6.2 Fighting
 - Level 5.0 Dodging
 - Level 9.0 Stealth
 + Level 5.7 Spellcasting
 - Level 5.0 Conjurations
 - Level 5.0 Translocations
 - Level 1.0 Transmutations
 - Level 7.0 Earth Magic
 - Level 5.0 Evocations


You had 5 spell levels left.
You knew the following spells:

 Your Spells              Type           Power      Damage    Failure   Level
a - Sandblast             Erth           90%        2d19      1%          1
b - Searing Ray           Conj           68%        3d5       1%          2
c - Lee's Rapid Deconstr  Erth           22%        3d14*     1%          5
d - Iskenderun's Mystic   Conj/Tloc      34%        2d8       1%          4
s - Stone Arrow           Conj/Erth      80%        3d12      1%          3

Your spell library contained the following spells:

 Spells                   Type           Power      Damage    Failure   Level
 Hailstorm                Conj/Ice       21%        3d6       3%          4
 Magic Dart               Conj           100%       1d8       1%          1
 Passwall                 Tmut/Erth      24%        N/A       1%          2
 Dazzling Flash           Conj/Hex       42%        N/A       1%          3
 Animate Skeleton         Necr           14%        N/A       2%          1
 Pain                     Necr           28%        1d5       2%          1
 Fulminant Prism          Conj/Hex       10%        3d9       3%          4
 Petrify                  Tmut/Erth      29%        N/A       5%          4
 Irradiate                Conj/Tmut      12%        3d18      6%          5
 Vampiric Draining        Necr           3%         2d6       9%          3
 Animate Dead             Necr           3%         N/A       26%         4
 Agony                    Necr           7%         N/A       56%         5
 Statue Form              Tmut/Erth      19%        N/A       58%         6
 Blade Hands              Tmut           6%         N/A       92%         6
 Dragon Form              Tmut           6%         N/A       100%        7


Dungeon Overview and Level Annotations

Branches:
Dungeon (9/15)             Temple (0/1) D:4           Sewer (visited)
   Lair: D:8-11         Orc: D:9-12

Altars:
Vehumet
Yredelemnul

Shops:
D:3 *


Innate Abilities, Weirdness & Mutations

You cannot wear most types of armour.
You are amphibious.
You can wear up to eight rings at the same time.
Your skin changes colour to match your surroundings (Stealth+).
Your rubbery body absorbs attacks. (AC +1, EV +1)
((You are camouflaged near water. (Stealth+)))
You have tentacles for arms and can constrict up to eight enemies at once.


Message History

You miss the chaos spawn. The chaos spawn barely misses you.
You barely miss the chaos spawn. The chaos spawn hits you.
A red film seems to cover your vision as you go berserk!
You feel yourself moving faster!
You feel mighty!
Unknown command.
You are too berserk!
The flying skull gives a hideous shriek!
You hear a hideous shriek!
You hear a shout!
The chaos spawn hits you! The chaos spawn freezes you!
An ettin skeleton comes into view.
Unknown command.
Unknown command.
You puncture the chaos spawn!
The chaos spawn is poisoned.
The chaos spawn is moderately wounded.
The chaos spawn gores you but does no damage.
You hit the chaos spawn but do no damage.
The chaos spawn is moderately wounded.
You closely miss the chaos spawn. You squeeze the chaos spawn!
The chaos spawn is heavily wounded.
The chaos spawn gores you!
You feel your power leaking away.
You hit the chaos spawn.
The chaos spawn looks as sick as possible!
The chaos spawn is almost dead.
The chaos spawn completely misses you. The ettin skeleton hits you!!
The ettin skeleton hits you!
* * * LOW HITPOINT WARNING * * *
You closely miss the chaos spawn. Your squeeze misses the chaos spawn.
The chaos spawn is almost dead.
You hit the chaos spawn.
The chaos spawn looks as sick as possible!
You squeeze the chaos spawn.
You kill the chaos spawn!
Vehumet accepts your kill.
You feel your power returning.
The chaos spawn degenerates into a cloud of primal chaos!
The ettin skeleton hits you!!
* * * LOW HITPOINT WARNING * * *
The ettin skeleton hits you!!
You die...

. ## .... .. .. .#
##.. ##
...###..###.##.#
....#........ #
........##.#...#
...#....Z#..#.###
##..@##......#
##.#z## .#...
##....##... #.
#.>...# ...#. .
.....#... .#. #
....#...#.#4...##.
...###..#### ##..
#.# ##z. ## . . .
.#


You could see 2 flying skulls and an ettin skeleton.

Vanquished Creatures
  Joseph (D:9)
  Psyche (D:9)
  Sigmund (D:3)
  3 wyverns
  3 steam dragons
  A chaos spawn (Abyss:2)
  A water moccasin (D:7)
  2 hornet zombies
  5 orc warriors
  2 ice beasts
  2 necrophages
  An ogre (D:5)
  4 centaurs
  The ghost of Zeld the Conjurer, an amateur OpCj (D:3)
  9 kobold brigands
  6 bullfrogs
  A gnoll sergeant (D:9)
  3 scorpions
  2 wyvern zombies (D:6)
  A water moccasin skeleton (D:7)
  A bullfrog zombie (D:6)
  4 hounds
  2 jellies
  2 centaur skeletons
  3 orc priests
  A bullfrog skeleton (D:5)
  4 centaur zombies (D:6)
  4 iguanas
  Ijyb (D:4)
  5 orc wizards
  13 adders
  4 gnolls
  3 river rats (Sewer)
  A shadow imp (D:7)
  A white imp (D:6)
  An ufetubus (D:6)
  2 adder zombies (D:5)
  3 worms
  4 dart slugs
  44 orcs
  6 endoplasms
  A giant cockroach (D:3)
  7 goblins
  6 hobgoblins
  2 jackals (D:3)
  19 kobolds
  2 quokkas
  14 ball pythons
  4 bats
  5 rats
219 creatures vanquished.

Vanquished Creatures (others)
  13 fungi (D:6)
  3 plants (D:1)
16 creatures vanquished.

Grand Total: 235 creatures vanquished

Notes
Turn   | Place    | Note
-------+----------+-------------------------------------------
     0 | D:1      | porpoise the Octopode Earth Elementalist began the quest
                  | for the Orb.
     0 | D:1      | Reached XP level 1. HP: 11/11 MP: 3/3
    65 | D:1      | Reached skill level 1 in Fighting
    65 | D:1      | Reached XP level 2. HP: 9/18 MP: 1/5
   428 | D:1      | Reached XP level 3. HP: 19/23 MP: 6/6
   741 | D:1      | Found a faded altar of an unknown god.
   839 | D:2      | Found a radiant altar of Vehumet.
   936 | D:2      | Became a worshipper of Vehumet
  1003 | D:2      | Learned a level 3 spell: Stone Arrow
  1134 | D:2      | Reached skill level 3 in Stealth
  1302 | D:2      | Reached XP level 4. HP: 29/29 MP: 3/7
  1669 | D:3      | Reached skill level 1 in Conjurations
  1938 | D:3      | Learned a level 2 spell: Searing Ray
  2075 | D:3      | Found Zurhust's General Store.
  2123 | D:3      | Noticed Sigmund
  2132 | D:3      | Killed Sigmund
  2132 | D:3      | Reached * piety under Vehumet
  2132 | D:3      | Offered knowledge of Shock by Vehumet.
  2133 | D:3      | Reached skill level 4 in Stealth
  2133 | D:3      | Reached XP level 5. HP: 22/34 MP: 0/10
  2133 | D:3      | Reached XP level 6. HP: 26/39 MP: 0/11
  2481 | D:3      | Found a large runed translucent door.
  2481 | D:3      | Found a large runed translucent door.
  2552 | D:3      | Noticed Zeld's ghost (amateur OpCj)
  2572 | D:3      | Killed Zeld's ghost
  3092 | D:4      | Reached skill level 5 in Stealth
  3092 | D:4      | Reached XP level 7. HP: 36/45 MP: 6/13
  3152 | D:4      | Found a glowing drain.
  3182 | Sewer    | Entered a sewer
  3612 | Sewer    | Reached skill level 5 in Spellcasting
  3754 | Sewer    | Learned a level 5 spell: Lee's Rapid Deconstruction
  3759 | Sewer    | Learned a level 4 spell: Iskenderun's Mystic Blast
  3984 | Sewer    | Reached skill level 5 in Earth Magic
  3984 | Sewer    | Reached XP level 8. HP: 51/51 MP: 10/15
  4580 | D:4      | Reached ** piety under Vehumet
  4663 | D:4      | Offered knowledge of Static Discharge by Vehumet.
  4664 | D:4      | Reached skill level 6 in Stealth
  5043 | D:4      | Found a staircase to the Ecumenical Temple.
  5217 | D:4      | Noticed Ijyb
  5225 | D:4      | Killed Ijyb
  5645 | D:5      | Entered Level 5 of the Dungeon
  5881 | D:5      | Reached skill level 5 in Conjurations
  6079 | D:5      | Reached skill level 5 in Fighting
  6079 | D:5      | Reached skill level 7 in Stealth
  6079 | D:5      | Reached skill level 1 in Translocations
  6079 | D:5      | Reached XP level 9. HP: 61/61 MP: 10/16
  7323 | D:6      | Identified the +0 robe of Leapfrog {rF+ Will- Stlth+}
  7493 | D:6      | Offered knowledge of Inner Flame by Vehumet.
  7829 | D:6      | Found a basalt altar of Yredelemnul.
  8051 | D:6      | Reached skill level 5 in Translocations
  8051 | D:6      | Reached skill level 1 in Evocations
  8644 | D:7      | Reached XP level 10. HP: 66/66 MP: 11/17
  9211 | D:7      | Reached *** piety under Vehumet
  9609 | D:8      | Reached skill level 8 in Stealth
 10191 | D:8      | Offered knowledge of Conjure Flame by Vehumet.
 10743 | D:8      | Reached skill level 5 in Dodging
 10746 | D:8      | Reached skill level 9 in Stealth
 11202 | D:8      | Reached **** piety under Vehumet
 11323 | D:9      | Reached skill level 5 in Evocations
 11410 | D:9      | Noticed Joseph
 11413 | D:9      | Killed Joseph
 11413 | D:9      | Noticed Psyche
 11416 | D:9      | Killed Psyche
 11426 | D:9      | Offered knowledge of Hailstorm by Vehumet.
 11674 | D:9      | Noticed a wizard
 11677 | D:9      | Cast into level 2 of the Abyss (a wizard)
 11740 | Abyss:2  | HP: 1/102 [ettin skeleton (24)]
 11740 | Abyss:2  | Annihilated by an ettin skeleton

Illustrated notes

Levels and vault maps discovered:
D:1:      nzn_arrival_settlement, layout_rooms,
          shapermc_ecumenical_altar_hornbeckon, chequers_big_river,
          minmay_misc_feat_alley
D:2:      layout_loops_cross, basic_altar, minmay_misc_feat_rugged
D:3:      layout_basic, serial_shops, shop, ebering_ghost_disaster_area,
          kennysheep_generic_room_3, uniq_sigmund
D:4:      layout_basic, minmay_temple_entry_arrows,
          cheibrodos_sewer_entry_drain, uniq_ijyb
D:5:      layout_basic
D:6:      kennysheep_steamy, layout_loops_cross,
          nicolae_yredelemnul_corpse_copse
D:7:      layout_basic
D:8:      layout_rooms, special_room [special_room_orc]
D:9:      cheibrodos_wizards_tower, layout_loops_corners, minmay_hedge_maze,
          minivault_23, blue_anna_alchemist, uniq_joseph, uniq_psyche
Abyss:2:  base: Temple, hangedman_abyss_lost_library, evilmike_abyss_exit_13

Skill      XL: |  1  2  3  4  5  6  7  8  9 10 |
---------------+-------------------------------+-----
Fighting       | 1 2 5 6 |  6.2
Dodging        | 3 5 |  5.0
Stealth        | 3 4 5 7 9 |  9.0
Conjurations   | 2 3 5 |  5.0
Spellcasting   | 3 4 5 |  5.7
Earth Magic    | 5 7 |  7.0
Translocations | 1 5 |  5.0
Evocations     | 2 5 |  5.0
Transmutations | |  1.0

Action                   |  1- 3 |  4- 6 |  7- 9 | 10-12 || total
-------------------------+-------+-------+-------+-------++-------
Melee: Rapier            |    34 |    10 |     2 |       ||    46
       Constrict         |     9 |     2 |     1 |     1 ||    13
       Tentacles         |     4 |     1 |     1 |     2 ||     8
       Dagger            |       |       |       |     9 ||     9
 Fire: Hunting sling     |    10 |    61 |    62 |    59 ||   192
Throw: Boomerang         |       |       |    17 |       ||    17
       Dart              |       |       |     5 |       ||     5
 Cast: Sandblast         |    12 |    11 |    22 |    16 ||    61
       Searing Ray       |       |     9 |    61 |    15 ||    85
       Stone Arrow       |       |       |    42 |    26 ||    68
       Lee's Rapid Decon |       |       |     1 |     6 ||     7
       Iskenderun's Myst |       |       |     2 |     8 ||    10
Evoke: Wand              |       |       |       |     3 ||     3
  Use: Scroll            |       |     8 |     5 |     6 ||    19
 Stab: Sleeping          |     8 |       |       |     1 ||     9
Armor: Skin              |       |     3 |       |     6 ||     9
Dodge: Dodged            |    16 |    18 |    66 |    29 ||   129

Table legend: (Time is in decaauts)
 A = Elapsed time spent in this place.
 B = Non-inter-level travel time spent in this place.
 C = Inter-level travel time spent in this place.
 D = Time resting spent in this place.
 E = Time spent auto-exploring this place.
 F = Levels seen in this place.
 G = Mean time per level.
                   A        B        C        D        E       F      G
               +--------+--------+--------+--------+--------+-----+--------+
         Total |  11783 |  11581 |    202 |   5099 |   4335 |  11 | 1071.2 |
       Dungeon |  10411 |  10209 |    202 |   4477 |   4303 |   9 | 1156.8 |
         Abyss |     60 |     60 |      0 |     19 |      0 |   1 |   60.0 |
         Sewer |   1310 |   1310 |      0 |    603 |     32 |   1 | 1310.0 |
               +--------+--------+--------+--------+--------+-----+--------+

Top non-repeatable levels by time:
     D:6: 1661 daAuts
     D:8: 1613 daAuts
     D:4: 1415 daAuts
     D:7: 1380 daAuts
   Sewer: 1310 daAuts
     D:3: 1280 daAuts
     D:5: 1022 daAuts
     D:2: 861 daAuts
     D:1: 812 daAuts
     D:9: 363 daAuts
 Abyss:2: 60 daAuts
